 Dungeon Crawl Stone Soup version 0.30-a0-4-ga7cffc901d (webtiles) character file.

Game seed: 6916719466700843665

111 sking99 the Insei (level 4, -2/33 HPs)
             Began as a Merfolk Transmuter on Aug 20, 2022.
             Was an Initiate of Ashenzari.
             Slain by a river rat (9 damage)
             ... in a sewer.
             The game lasted 00:09:02 (4048 turns).

sking99 the Insei (Merfolk Transmuter)              Turns: 4048, Time: 00:09:03

Health: -2/33      AC:  2    Str: 10    XL:     4   Next: 92%
Magic:  6/8        EV: 16    Int: 14    God:    Ashenzari [......]
Gold:   147        SH:  0    Dex: 14    Spells: 2/8 levels left

rFire   . . .      SeeInvis .      - Unarmed
rCold   . . .      Faith    .    (no shield)
rNeg    . . .      Spirit   .    a - +0 robe
rPois   .          Reflect  .    (helmet currently unavailable)
rElec   .          Harm     .    (no cloak)
rCorr   .          Rampage  .    (no gloves)
Will    .....                    (boots currently unavailable)
Stlth   ++........               (no amulet)
HPRegen 0.11/turn                e - ring of the Chained Dismay {Wiz, Cun, Elem} (curse)
MPRegen 0.11/turn                (no ring)

@: appendages (expiring), wereblooded, very quick
A: horns 2, nimble swimmer 2, mertail
a: End Transformation, Renounce Religion, Curse Item, Shatter the Chains


You were in a sewer.
You worshipped Ashenzari.
Ashenzari was noncommittal.
You had temporarily grown beastly horns.
You visited 1 branch of the dungeon, and saw 4 of its levels.
You also visited: Sewer.

You collected 147 gold pieces.

Inventory:

Hand Weapons
 p - the +7 rapier of the Lonely Nightmares {vorpal, rC+ Str+3}
   (You found it on level 2 of the Dungeon)

   It inflicts extra damage upon your enemies.
   Str:       It affects your strength (+3).
   rC:        It protects you from cold.
Armour
 a - a +0 robe (worn)
Jewellery
 e - the cursed ring of the Chained Dismay (left hand) {Wiz, Cun, Elem}
   (You acquired it on level 4 of the Dungeon)

   [ring of wizardry]

   It improves your spell success rate.
   It has a curse which improves the following skills: Cunning: Dodging and
   Stealth.
   Elements:  Fire Magic, Ice Magic, Air Magic and Earth Magic.
Wands
 o - a wand of quicksilver (10)
Scrolls
 c - a scroll of amnesia
 h - 3 scrolls of teleportation
 j - a scroll of blinking
Potions
 b - 5 potions of lignification
 d - 4 potions of heal wounds {unknown}
 f - 2 potions of curing {unknown}
 i - 2 potions of flight {unknown}
 k - a potion of berserk rage {unknown}
 l - a potion of ambrosia {unknown}
 q - 2 potions of degeneration {unknown}


   Skills:
 + Level 1.7 Fighting
 + Level 3.2(3.6) Dodging
 * Level 4.0 Unarmed Combat
 + Level 2.6 Spellcasting
 - Level 3.7 Transmutations
 - Level 2.0 Poison Magic


You had 2 spell levels left.
You knew the following spells:

 Your Spells              Type           Power      Damage    Failure   Level
a - Beastly Appendage     Tmut           24%        N/A       1%          1
b - Wereblood             Tmut           12%        N/A       2%          2
c - Spider Form           Tmut/Pois      9%         N/A       9%          3

Your spell library contained the following spells:

 Spells                   Type           Power      Damage    Failure   Level
 Ice Form                 Ice/Tmut       7%         N/A       38%         4


Dungeon Overview and Level Annotations

Branches:
Dungeon (4/15)              Sewer (1/1)
 Temple: D:4-7

Altars:
Ashenzari


Innate Abilities, Weirdness & Mutations

You have temporarily grown beastly horns.
You are very nimble when in or above water. (Stealth+, EV+, Speed+++)
Your lower body shifts to a powerful aquatic tail in water.


Message History

There is a large open door here.
Found two gates leading back out of this place.
You open the large door. 4 river rats come into view.
The river rat bites you. The river rat attacks as you move away!
The river rat barely misses you. The river rat attacks as you move away!
The river rat bites you! The river rat attacks as you move away!
The river rat misses you. The river rat attacks as you move away!
The river rat closely misses you.
Casting: Beastly Appendage (safe; 1% risk of failure)
Confirm with . or Enter, or press ? or * to list all spells.
You grow a pair of large bovine horns.
The river rat barely misses you. The river rat attacks as you move away!
The river rat barely misses you.
The river rat twitches its whiskers.
The river rat attacks as you move away! The river rat barely misses you.
Your legs become a tail as you enter the water.
Casting: Beastly Appendage (safe; 1% risk of failure)
Confirm with . or Enter, or press ? or * to list all spells.
Your blood is infused with primal strength.
The river rat closely misses you.
You closely miss the river rat.
You headbutt the river rat, but do no damage.
Your tail-slap misses the river rat.
The river rat misses you. The river rat completely misses you.
You hit the river rat but do no damage.
Your transformation is almost over.
The river rat bites you!
You hit the river rat but do no damage. Your headbutt misses the river rat.
The river rat closely misses you. The river rat barely misses you.
You hit the river rat. You headbutt the river rat. You tail-slap the river rat.
The river rat is heavily wounded.
You barely miss the river rat. You tail-slap the river rat.
The river rat is almost dead.
The river rat misses you. x2; The river rat bites you.
You barely miss the river rat.
Your tail-slap misses the river rat.
The river rat is almost dead.
The river rat misses you. The river rat bites you.
* * * LOW HITPOINT WARNING * * *
The river rat bites you!
You die...

#≈≈≈#
############≈≈≈#
.~~..~.~~.~~~~~#
≈≈≈≈≈≈~~≈≈≈≈≈≈~#
.~~~~~~~~†~~~≈~#
≈~####~~####~≈.#
#~~# #†≈~# #.~#
#.≈~#
###@r####~≈~#
#.#rr#.##.≈~#
#.'r.'.##~≈.#
#.'..'.##~≈~#
#.#..#.##~≈~#
###..####~≈~#
#..# #~≈~# #
#..# #~≈~#
#.#..# #~≈~#


You could see 4 river rats.

Vanquished Creatures
  Robin (D:4)
  5 adders (Sewer)
  2 worms
  An endoplasm (D:3)
  3 giant cockroaches
  7 goblins (D:4)
  6 hobgoblins
  3 kobolds
  6 quokkas
  3 ball pythons
  6 bats
  2 frilled lizards (D:3)
  3 rats
48 creatures vanquished.

Notes
Turn   | Place    | Note
-------+----------+-------------------------------------------
     0 | D:1      | sking99 the Merfolk Transmuter began the quest for the Orb.
     0 | D:1      | Reached XP level 1. HP: 15/15 MP: 3/3
  1079 | D:2      | Found a faded altar of an unknown god.
  1083 | D:2      | Found a broken altar of Ashenzari.
  1114 | D:2      | Became a worshipper of Ashenzari the Shackled
  1175 | D:2      | Reached XP level 2. HP: 21/21 MP: 5/5
  1576 | D:2      | Learned a level 2 spell: Wereblood
  1715 | D:2      | Identified the +7 rapier of the Lonely Nightmares {vorpal,
                  | rC+ Str+3}
  2871 | D:3      | Reached skill level 4 in Unarmed Combat
  2871 | D:3      | Reached XP level 3. HP: 27/27 MP: 4/6
  2875 | D:3      | Learned a level 3 spell: Spider Form
  3153 | D:4      | Identified a scroll of acquirement
  3153 | D:4      | Acquired a ring of wizardry
  3183 | D:4      | Noticed Robin
  3192 | D:4      | Killed Robin
  3371 | D:4      | Reached skill level 1 in Poison Magic
  3429 | D:4      | Found a glowing drain.
  3433 | Sewer    | Entered a sewer
  3548 | Sewer    | Reached XP level 4. HP: 28/33 MP: 5/7
  4048 | Sewer    | Slain by a river rat

Illustrated notes

Levels and vault maps discovered:
D:1:      minmay_arrival_floating_metal, layout_basic, nicolae_titane
D:2:      layout_rooms, shapermc_ecumenical_altar_pompeii, basic_altar
D:3:      layout_loops_ring
D:4:      layout_basic, serial_shops, nicolae_stop_n_shop_2,
          gup_sewer_entry_bowl, uniq_robin, uniq_crazy_yiuf_cottage
Sewer:    sewer_fruit_machine

Skill      XL: |  1  2  3  4 |
---------------+-------------+-----
Dodging        | 3 |  3.2
Unarmed Combat | 4 |  4.0
Transmutations | 3 |  3.7
Poison Magic   | 1 2 |  2.0
Fighting       | |  1.7
Spellcasting   | |  2.6

Action                   |  1- 3 |  4- 6 || total
-------------------------+-------+-------++-------
Melee: Unarmed           |   125 |    44 ||   169
       Headbutt          |    10 |    10 ||    20
       Punch             |     4 |       ||     4
       Tailslap          |     4 |    10 ||    14
 Cast: Beastly Appendage |    20 |     5 ||    25
       Wereblood         |     1 |     1 ||     2
       Spider Form       |     3 |       ||     3
Invok: Curse Item        |     1 |       ||     1
  Use: Scroll            |     7 |       ||     7
 Stab: Sleeping          |       |     1 ||     1
Armor: Robe              |    19 |     4 ||    23
Dodge: Dodged            |    87 |    44 ||   131

Table legend: (Time is in decaauts)
 A = Elapsed time spent in this place.
 B = Non-inter-level travel time spent in this place.
 C = Inter-level travel time spent in this place.
 D = Time resting spent in this place.
 E = Time spent auto-exploring this place.
 F = Levels seen in this place.
 G = Mean time per level.
                   A        B        C        D        E       F      G
               +--------+--------+--------+--------+--------+-----+--------+
         Total |   3984 |   3794 |    190 |   1175 |   2041 |   5 |  796.8 |
       Dungeon |   3405 |   3215 |    190 |    865 |   1876 |   4 |  851.2 |
         Sewer |    578 |    578 |      0 |    310 |    164 |   1 |  578.0 |
               +--------+--------+--------+--------+--------+-----+--------+

Top non-repeatable levels by time:
     D:3: 1183 daAuts
     D:1: 1081 daAuts
     D:2: 977 daAuts
   Sewer: 578 daAuts
     D:4: 162 daAuts
